 Dungeon Crawl Stone Soup version 0.20.1-1-g8b1a95d (webtiles) character file.

63 vatarom the Cudgeler (level 3, 0/29 HPs)
             Began as a Demonspawn Chaos Knight on Sept 4, 2017.
             Slain by a worm (6 damage)
             ... on level 2 of the Dungeon.
             The game lasted 00:02:43 (935 turns).

vatarom the Cudgeler (Demonspawn Chaos Knight)       Turns: 935, Time: 00:02:44

Health: 0/29       AC:  6    Str: 12    XL:     3   Next: 87%
Magic:  3/3        EV: 11    Int: 13    God:    Xom [..*...]
Gold:   45         SH:  0    Dex: 13    Spells: 2/2 levels left

rFire    . . .     SeeInvis .   a - +0 mace (chaos)
rCold    . . .     Gourm    .   (no shield)
rNeg     . . .     Faith    .   b - +2 leather armour
rPois    .         Spirit   .   (no helmet)
rElec    .         Reflect  .   (no cloak)
rCorr    .         Harm     .   j - +0 pair of gloves
MR       .....                  (no boots)
Stlth    +.........             (no amulet)
Regen    0.1/turn               (no ring)
MPRegen  0.1/turn               (no ring)

@: no status effects
A: talons 1, powered by pain 1
a: Renounce Religion


You were on level 2 of the Dungeon.
You worshipped Xom.
You were a toy of Xom.
You were not hungry.

You visited 1 branch of the dungeon, and saw 2 of its levels.

You collected 45 gold pieces.

Inventory:

Hand Weapons
 a - a +0 mace of chaos (weapon)
Armour
 b - a +2 leather armour (worn)
 h - a cursed +0 crystal plate armour
 j - a +0 pair of gloves (worn)
Scrolls
 f - a scroll of magic mapping
 k - a scroll of remove curse {unknown}
Potions
 e - 2 potions of heal wounds
 g - a potion of curing {unknown}
Comestibles
 c - 2 bread rations
 d - a royal jelly
 i - 2 meat rations


   Skills:
 - Level 3.0 Fighting
 + Level 4.3 Maces & Flails
 - Level 1.7 Armour
 - Level 0.8 Dodging


You had 2 spell levels left.
You didn't know any spells.

Dungeon Overview and Level Annotations

Branches:
Dungeon (2/15)

Altars:


Innate Abilities, Weirdness & Mutations

You have sharp toenails.
You sometimes gain a little power by taking damage.


Message History

The kobold is moderately wounded.
The helpless kobold fails to defend itself.
You hit the kobold. You freeze the kobold.
You kill the kobold!
The worm bites you! The worm barely misses you.
Things that are here:
a whip; a dagger You hit the worm but do no damage.
The worm seems to speed up.
Xom thinks this is hilarious!
You claw the worm, but do no damage. The worm bites you.
* * * LOW HITPOINT WARNING * * *
You hit the worm.
The worm is poisoned.
You claw the worm.
The worm is moderately wounded.
The worm bites you.
* * * LOW HITPOINT WARNING * * *
You hit the worm.
The worm is moderately wounded.
The worm bites you.
You die... "What!?
That's it?"

########## #........## #
#.........# ####
....##########......P..# ....
.......@w........####..# .....
#...#####.#..##.w#..#P.. .....
# #...###..'..#... ......
#####.####..####...
......######.....)............
#.............##............
#####.......####..........#.
#######.##..............#####.
#...........#######....... ..


You could see a worm.

Vanquished Creatures
  Jessica (D:2)
  An adder (D:2)
  An ooze (D:1)
  2 bats (D:1)
  3 giant cockroaches
  4 goblins
  2 hobgoblins
  4 kobolds
  3 frilled lizards
  4 rats
25 creatures vanquished.

Notes
Turn   | Place    | Note
-------+----------+-------------------------------------------
     0 | D:1      | vatarom the Demonspawn Chaos Knight began the quest for the Orb.
     0 | D:1      | Reached XP level 1. HP: 18/18 MP: 1/1
    89 | D:1      | XOM: divination: detect creatures
    99 | D:1      | Reached skill level 3 in Maces & Flails
   129 | D:1      | Gained mutation: You sometimes gain a little power by taking damage. [demonic ancestry]
   129 | D:1      | Reached XP level 2. HP: 15/24 MP: 2/2
   491 | D:1      | XOM: divination: magic mapping
   787 | D:2      | Noticed Jessica
   790 | D:2      | Killed Jessica
   790 | D:2      | Reached skill level 4 in Maces & Flails
   790 | D:2      | Gained mutation: You have sharp toenails. [demonic ancestry]
   790 | D:2      | Reached XP level 3. HP: 29/29 MP: 3/3
   935 | D:2      | Slain by a worm

Skill      XL: |  1  2 |
---------------+-------+-----
Maces & Flails | 3 4 |  4.3
Fighting       | |  3.0
Armour         | |  1.7
Dodging        | |  0.8

Action                   || total
-------------------------++-------
Melee: Mace              ||    57
       Kick              ||     7
  Use: Scroll            ||     2
       Potion            ||     1
 Stab: Paralysed         ||     1
Armor: Leather armour    ||    18
Dodge: Dodged            ||    46
